 Dungeon Crawl Stone Soup version 0.17-a0-1920-gafa4d75 (webtiles) character file.

660 DecibelRebel the Archer (level 7, -1/45 HPs)
             Began as a High Elf Hunter on Sept 27, 2015.
             Was an Initiate of Okawaru.
             Succumbed to LordVetinari's ghost's poison
             ... on level 5 of the Dungeon.
             The game lasted 00:30:13 (5289 turns).

DecibelRebel the Archer (High Elf Hunter)           Turns: 5289, Time: 00:30:13

Health: -1/45      AC:  8    Str: 12    XL:     7   Next: 30%
Magic:  2/2        EV: 17    Int: 15    God:    Okawaru [......]
Gold:   152        SH:  0    Dex: 22    Spells: 0 memorised, 6 levels left

rFire  . . .     SeeInvis .     G - +2 falchion (antimagic)
rCold  + . .     Clarity  .     u - +0 ring mail
rNeg   . . .     SustAt   .     (no shield)
rPois  .         Gourm    .     (no helmet)
rElec  .         Spirit   .     (no cloak)
rCorr  .         Warding  .     j - +1 pair of gloves
rMut   .         Stasis   .     r - +0 pair of boots
MR     .....                    B - amulet of rage
Stlth  ++++......               I - ring of protection from cold
                                g - ring of stealth

@: agile, lethally poisoned (-1 -> -30), not resistant to hostile enchantments,
stealthy
A: no striking features
a: Renounce Religion, Evoke Berserk Rage


You were on level 5 of the Dungeon.
You worshipped Okawaru.
Okawaru was noncommittal.
You were hungry.

You visited 2 branches of the dungeon, and saw 6 of its levels.

You collected 297 gold pieces.
You spent 145 gold pieces at shops.

Inventory:

Hand weapons
 a - a +1 shortbow
 m - a +0 long sword of protection
 G - a +2 antimagic falchion (weapon)
Missiles
 b - 40 arrows
 h - 17 poisoned arrows
Armour
 d - a +0 leather armour
 j - a +1 pair of gloves (worn)
 r - a +0 pair of boots (worn)
 u - a +0 ring mail (worn)
Jewellery
 g - a ring of stealth (left hand)
 B - an amulet of rage (around neck)
 F - an uncursed ring of sustain attributes
 I - a ring of protection from cold (right hand)
 J - an uncursed ring of protection from cold
Scrolls
 f - a scroll of enchant weapon {unknown}
 n - 3 scrolls of magic mapping
 t - a scroll of random uselessness {unknown}
 x - a scroll of amnesia {unknown}
 y - a scroll of blinking {unknown}
 z - 2 scrolls of teleportation {unknown}
 A - 2 scrolls of enchant armour {unknown}
 C - a scroll of recharging {unknown}
 H - 2 scrolls of fear {unknown}
Potions
 c - 2 potions of poison
 k - a potion of resistance
 l - a potion of might {unknown}
 p - 3 potions of brilliance
 v - a potion of invisibility {unknown}
 w - a potion of mutation {unknown}
Comestibles
 e - 4 bread rations
 i - 8 meat rations


   Skills:
 + Level 2.2 Fighting
 + Level 1.2 Long Blades
 * Level 10.4 Bows
 + Level 2.4 Dodging
 - Level 4.1 Stealth


You had 6 spell levels left.
You didn't know any spells.

Dungeon Overview and Level Annotations

Branches:
Dungeon (5/15)             Temple (1/1) D:5

Altars:
Cheibriados
Fedhas
Gozag
Okawaru
Qazlal
Sif Muna
Vehumet
Yredelemnul

Shops:
D:4 *}*[

Annotations:
D:5 LordVetinari's ghost, average DEWz


Message History

Drink which item? (? for menu, Esc to quit)
You feel agile all of a sudden.
* * * LOW HITPOINT WARNING * * *
You feel sick.
LordVetinari's ghost hits you but does no damage.
You are more poisoned.
You hit LordVetinari's ghost but do no damage.
LordVetinari's ghost is heavily damaged.
* * * LOW HITPOINT WARNING * * *
You feel very sick. LordVetinari's ghost hits you.
* * * LOW HITPOINT WARNING * * *
You hit LordVetinari's ghost but do no damage.
LordVetinari's ghost is heavily damaged.
* * * LOW HITPOINT WARNING * * *
You feel very sick.
LordVetinari's ghost closely misses you.
You closely miss LordVetinari's ghost.
LordVetinari's ghost is heavily damaged.
You die...

################ ##
#.........@W(..#
.######..#######.###.#
.........#
#.###.########
.######.##
#.##..........
........#
#.##..########
.######## #.##..# #.
.# #.##..# .## .###
#.##((# ## ..# ...##
#.##..# #. ..


You could see LordVetinari's ghost.

Vanquished Creatures
  The ghost of Japsu the Skirmisher, an average MiFi of Cheibriados (D:4)
  2 ogres
  A scorpion (D:4)
  2 worker ants
  An orc wizard (D:4)
  Robin (D:3)
  14 adders
  An ooze (D:5)
  A giant gecko (D:2)
  9 orcs
  4 giant cockroaches
  16 goblins
  11 hobgoblins
  9 jackals
  4 kobolds
  A quokka (D:3)
  4 ball pythons (D:2)
  6 bats
  4 giant newts
  3 rats
95 creatures vanquished.

Notes
Turn   | Place    | Note
--------------------------------------------------------------
     0 | D:1      | DecibelRebel the High Elf Hunter began the quest for the Orb.
     0 | D:1      | Reached XP level 1. HP: 14/14 MP: 2/2
   346 | D:1      | Reached XP level 2. HP: 19/19 MP: 3/3
   689 | D:1      | Reached skill level 6 in Bows
  1258 | D:1      | Reached XP level 3. HP: 12/24 MP: 4/4
  1813 | D:2      | Reached XP level 4. HP: 29/29 MP: 5/5
  1938 | D:2      | Reached skill level 7 in Bows
  2467 | D:3      | Reached XP level 5. HP: 22/34 MP: 6/6
  2763 | D:3      | Noticed Robin
  2776 | D:3      | Killed Robin
  3071 | D:3      | Found an opulent altar of Gozag.
  3082 | D:3      | Found a basalt altar of Yredelemnul.
  3085 | D:3      | Found a deep blue altar of Sif Muna.
  3099 | D:3      | Found a snail-covered altar of Cheibriados.
  3260 | D:3      | Found a stormy altar of Qazlal.
  3360 | D:4      | Reached skill level 8 in Bows
  3443 | D:4      | Noticed an ogre
  3468 | D:4      | Found Wobopsiv's Gadget Shoppe.
  3499 | D:4      | Found Naomne's Armour Shoppe.
  3555 | D:4      | Reached XP level 6. HP: 12/39 MP: 7/7
  3817 | D:4      | Found Motyq's General Store.
  3820 | D:4      | Bought a +0 long sword of protection for 80 gold pieces
  3820 | D:4      | Bought a potion of heal wounds for 65 gold pieces
  3927 | D:4      | Found Ykahenk's General Store.
  3992 | D:4      | Noticed Japsu's ghost (average MiFi)
  4022 | D:4      | Killed Japsu's ghost
  4022 | D:4      | Reached skill level 9 in Bows
  4075 | D:4      | Killed an ogre
  4075 | D:4      | Reached skill level 10 in Bows
  4075 | D:4      | Reached XP level 7. HP: 38/45 MP: 3/8
  4542 | D:5      | Entered Level 5 of the Dungeon
  4566 | D:5      | Found a staircase to the Ecumenical Temple.
  4572 | Temple   | Entered the Ecumenical Temple
  4619 | Temple   | Became a worshipper of Warmaster Okawaru
  4920 | D:5      | HP: 2/45 [ogre/giant club (24)]
  4923 | D:5      | Reached skill level 1 in Long Blades
  5258 | D:5      | Noticed LordVetinari's ghost (average DEWz)
  5288 | D:5      | HP: 2/45 [poisoned by LordVetinari's ghost]
  5289 | D:5      | Succumbed to LordVetinari's ghost's poison

Vault maps used:
D:1:      evilmike_arrival_rings
D:2:      first_bread, minmay_misc_feat_secret_circle, minmay_snake_closets
D:3:      grunt_temple_overflow_cloverleaf, nicolae_qazlal_eye_of_the_storm,
          uniq_robin
D:4:      serial_bayou, serial_bayou_lake_a, serial_bayou_lagoon_a,
          serial_bayou_shore_a, serial_bayou_shore_b, serial_shops,
          kennysheep_mini, nicolae_shop_crystal, shop, shop
D:5:      minmay_temple_entry_hall
Temple:   chambers_temple_10

Action                   |  1- 3 |  4- 6 |  7- 9 || total
-------------------------+-------+-------+-------++-------
Melee: Short sword       |    92 |   155 |       ||   247
       Falchion          |       |    23 |    17 ||    40
       Long sword        |       |    15 |    15 ||    30
 Fire: Shortbow          |    23 |    93 |    34 ||   150
  Use: Scroll            |     4 |       |     6 ||    10
       Potion            |       |     5 |     3 ||     8
 Stab: Sleeping          |     2 |     2 |     1 ||     5
  Eat: Chunk             |     2 |     6 |     2 ||    10
       Fruit             |       |     1 |     1 ||     2
       Beef jerky        |       |       |     1 ||     1
